 Dungeon Crawl Stone Soup version 0.31-a0-799-g6bc09d010c (webtiles) character file.

Game seed: 4278153533405624806

16695 Aneyh the Fighter (level 12, -17/114 HPs)
             Began as a Tengu Monk on Sept 19, 2023.
             Was an Elder of Hepliaklqana.
             Succumbed to a death drake's dark miasma
             ... in a Gauntlet on Sept 20, 2023.
             The game lasted 00:25:12 (9603 turns).

Aneyh the Fighter (Tengu Monk)                      Turns: 9603, Time: 00:25:13

Health: -17/114    AC:  7    Str: 25    XL:     12   Next: 40%
Magic:  13/13      EV: 26    Int: 12    God:    Hepliaklqana [****..]
Gold:   642        SH:  0    Dex: 16    Spells: 11/11 levels left

rFire   . . .        U - +2 battleaxe
rCold   . . .        (shield currently unavailable)
rNeg    . . .        q - +0 leather armour
rPois   .            L - +2 hat
rElec   .            y - +0 cloak
rCorr   .            Q - +0 pair of gloves
SInv    .            (boots unavailable)
Will    .....        t - amulet of regeneration Stlth
                     V - +6 ring of strength
HPRegen 1.19/turn    D - ring "Zujiss" {EV+5 Str+3}
MPRegen 0.13/turn

%: no teleportation, acrobat
@: berserking, lethally poisoned (-17 -> -103), flying, hasted and slowed
A: reduced essence, beak, talons 3, evasive flight, acrobatic
a: Renounce Religion, Recall Ancestor, Ancestor Identity, Transference, Idealise


You were in a Gauntlet.
You worshipped Hepliaklqana.
Hepliaklqana was greatly pleased with you.
You visited 3 branches of the dungeon, and saw 13 of its levels.
You also visited: Ossuary and Gauntlet.

You collected 642 gold pieces.

Inventory:

Hand Weapons
 c - a +0 halberd
 i - a +0 broad axe
 j - a +4 scimitar of flaming
 z - a +0 trident
 C - a +0 great mace
 S - a +0 great sword
 U - a +2 battleaxe (weapon)
 X - a +2 heavy war axe
Missiles
 m - 3 silver javelins
 s - 28 poisoned darts
 E - a throwing net
Armour
 q - a +0 leather armour (worn)
 y - a +0 cloak (worn)
 B - a scarf of harm
 L - a +2 hat (worn)
 Q - a +0 pair of gloves (worn)
Jewellery
 b - a ring of wizardry
 h - a ring of see invisible
 k - a ring of wizardry
 r - an amulet of reflection
 t - an amulet of regeneration (around neck)
 x - a ring of magical power
 D - the ring "Zujiss" (right hand) {EV+5 Str+3}
   (You found it on level 6 of the Dungeon)

   [ring of evasion]

   EV+5:      It affects your evasion (+5).
   Str+3:     It affects your strength (+3).
 V - a +6 ring of strength (left hand)
 W - a ring of protection from fire
Talismans
 n - a dragon-blood talisman
Wands
 o - a wand of polymorph (10)
 w - a wand of flame (55)
Scrolls
 d - 2 scrolls of amnesia {unknown}
 e - 4 scrolls of teleportation
 p - 5 scrolls of fog
 H - a scroll of noise {unknown}
 O - 2 scrolls of revelation {unknown}
 P - 2 scrolls of fear
 R - a scroll of enchant weapon {unknown}
 Y - a scroll of enchant armour {unknown}
Potions
 a - a potion of mutation {unknown}
 g - 11 potions of curing
 l - 3 potions of invisibility
 u - 4 potions of haste
 v - 4 potions of might
 F - a potion of berserk rage
 J - a potion of lignification
 K - a potion of enlightenment {unknown}
 M - 2 potions of cancellation
 N - a potion of magic {unknown}
 Z - a potion of attraction {unknown}


   Skills:
 * Level 14.2 Fighting
 - Level 13.0 Axes
 - Level 10.0 Dodging


You had 11 spell levels left.
You didn't know any spells.
Your spell library contained the following spells:

 Spells                   Type           Power      Damage    Failure   Level
 Kiss of Death            Conj/Necr      0%         2d5       36%         1
 Confusing Touch          Hex            0%         N/A       75%         3
 Hailstorm                Conj/Ice       0%         3d3       75%         3
 Tukima's Dance           Hex            0%         N/A       75%         3
 Dimensional Bullseye     Hex/Tloc       0%         N/A       98%         4
 Dispel Undead            Necr           0%         3d6       98%         4
 Iskenderun's Mystic Bla  Conj/Tloc      0%         2d3       98%         4
 Summon Ice Beast         Ice/Summ       0%         N/A       98%         4
 Simulacrum               Ice/Necr       0%         N/A       100%        6


Dungeon Overview and Level Annotations

Branches:
Dungeon (11/15)            Temple (1/1) D:6            Lair (1/5) D:10
    Orc (0/2) D:11        Ossuary (visited)         Gauntlet (1/1)

Altars:
Ashenzari
Cheibriados
Dithmenos
Elyvilon
Fedhas
Gozag
Hepliaklqana
Kikubaaqudgha
Makhleb
Nemelex Xobeh
Okawaru
Qazlal
Ru
Sif Muna
Trog
Uskayaw
Vehumet
Wu Jian
Xom
Yredelemnul
Zin
The Shining One

Shops:
D:4 [   D:10 :   D:11 =?(

Annotations:
Gauntlet 7 transporters, 1 runed translucent door


Innate Abilities, Weirdness & Mutations

Your life essence is reduced to manifest your ancestor. (-10% HP)
You have a beak for a mouth.
You have claws for feet.
Your magical flight helps you evade attacks. (EV +4)
You can magically evade attacks while moving or waiting.


Message History

The death drake bites you!
The spectral wolf spider closely misses you.
The spectral wolf spider bites you.
The centaur warrior zombie hits Fikile.
The centaur warrior zombie kicks Fikile but does no damage.
The death drake completely misses you.
Fikile hits the centaur warrior zombie with a +0 flail!
The centaur warrior zombie is destroyed!
The spectral wolf spider misses you.
The spectral wolf spider bites you but does no damage.
A red film seems to cover your vision as you go berserk!
You feel yourself moving faster!
You feel mighty!
You feel very sick. The death drake breathes miasma at you.
The foul vapour engulfs you!
You are more poisoned.
The spectral wolf spider misses you. x2
Fikile hits the spectral wolf spider with a +0 flail!
You slash the death drake! Your peck misses the death drake.
The death drake is moderately wounded.
You slash the spectral wolf spider!
You are engulfed in dark miasma.
You are more poisoned.
You feel as though you will be slow longer.
* * * LOW HITPOINT WARNING * * *
x2 You feel extremely sick.
The spectral wolf spider misses you.
The spectral wolf spider closely misses you.
The death drake misses you.
The spectral wolf spider hits you but does no damage.
The spectral wolf spider bites you but does no damage.
The death drake breathes miasma at you. The foul vapour engulfs you!!
You are more poisoned.
* * * LOW HITPOINT WARNING * * *
Unknown command.
You closely miss the death drake. You claw the death drake!!
The death drake is severely wounded.
You slash the spectral wolf spider!
You are engulfed in dark miasma.
You are more poisoned.
* * * LOW HITPOINT WARNING * * *
You die...

8..8∩8..8⌠8...#≈≈≈#≈≈≈#≈≈≈#≈≈≈#≈≈
.................................
#################################
###...###8©8#.##..###8©8#.......#
###...###...##.°##..#...#..##..##
#..##+.##...#.##°#°/#...#.##..###
#..#©#.©#©.©##Z#°°#©#©.©###^©##©#
#.††##.######.#Z#k#.######..##..#
###...###...#^#R@##$#...#..##.?[#
###...###.8.##°##°°##.8.#J......#
#########...#########...#########
.................................
≈≈#≈≈≈#≈≈≈#≈≈≈#≈≈≈#≈≈≈#≈≈≈#≈≈≈#≈≈
≈###≈###≈###≈###≈###≈###≈###≈###≈
## ### ### ### ### ### ### ### ##


You could see the friendly Fikile the knight, a death drake (ally target), a
spectral wolf spider and a centaur warrior zombie.

Vanquished Creatures
  A hydra (D:10)
  A boulder beetle (D:11)
  3 elephants (Lair:1)
  4 komodo dragons
  2 cane toads (Lair:1)
  A kobold demonologist (D:10)
  A tyrant leech (Gauntlet)
  Grinder (D:6)
  A hornet (D:7)
  4 flying skulls (Gauntlet)
  Sigmund (D:2)
  A shadow (D:10)
  A basilisk (Lair:1)
  Eustachio (D:6)
  22 yaks
  2 steam dragons
  Menkaure (D:6)
  5 swamp worms (Gauntlet)
  3 orc warriors
  2 water moccasins (D:6)
  2 black bears
  2 sky beasts
  An ice beast (D:4)
  5 wolves (Lair:1)
  An ogre (D:4)
  3 centaurs
  A phantom (D:4)
  2 kobold brigands (D:6)
  4 bullfrogs
  Blork the orc (D:5)
  5 scorpions
  3 water moccasin zombies (Ossuary)
  4 wights (D:8)
  4 killer bees
  A howler monkey (D:6)
  3 hounds
  2 jellies (D:6)
  6 orc priests
  A gnoll bouda (D:5)
  Jessica (D:2)
  2 iguanas (D:5)
  2 orc wizards
  A sleepcap (D:4)
  2 mummies (Ossuary)
  4 gnolls
  7 adders
  A shadow imp (D:7)
  2 ufetubi (D:5)
  2 adder zombies (Ossuary)
  A worm (D:2)
  2 dart slugs
  19 orcs
  8 endoplasms
  3 giant cockroaches
  11 goblins
  9 hobgoblins
  9 jackals
  A quokka (D:1)
  8 ball pythons
  5 bats (D:1)
  4 frilled lizards
  2 gnoll zombies (Ossuary)
  2 hobgoblin zombies (Ossuary)
  22 kobolds
  5 kobold zombies (Ossuary)
  7 orc zombies (Ossuary)
  4 rats
255 creatures vanquished.

Vanquished Creatures (collateral kills)
  Erica (Lair:1)
  An elephant (Lair:1)
  A centaur zombie (Gauntlet)
  A kobold demonologist (D:10)
  A komodo dragon (Lair:1)
  A troll (D:9)
  A flying skull (Gauntlet)
  2 basilisks (D:10)
  A swamp worm (Gauntlet)
  A water moccasin (Lair:1)
  A kobold brigand (D:7)
  A bullfrog (D:9)
  A wight (D:8)
  A killer bee (D:9)
  2 orc priests
  2 orc wizards
  2 orcs (D:7)
  A giant cockroach (D:10)
  A gnoll zombie (Ossuary)
  An orc zombie (Ossuary)
24 creatures vanquished.

Vanquished Creatures (others)
  5 knights
5 creatures vanquished.

Grand Total: 284 creatures vanquished

Notes
Turn   | Place    | Note
-------+----------+-------------------------------------------
     0 | D:1      | Aneyh the Tengu Monk began the quest for the Orb.
     0 | D:1      | Reached XP level 1. HP: 14/14 MP: 2/2
   181 | D:1      | Reached XP level 2. HP: 19/19 MP: 3/3
   417 | D:1      | Reached XP level 3. HP: 20/23 MP: 4/4
   706 | D:2      | Noticed Sigmund
   723 | D:2      | Killed Sigmund
   724 | D:2      | Reached XP level 4. HP: 7/28 MP: 5/5
   724 | D:2      | Reached XP level 5. HP: 8/32 MP: 6/6
  1170 | D:2      | Noticed Jessica
  1173 | D:2      | Killed Jessica
  1174 | D:2      | Reached XP level 6. HP: 37/37 MP: 7/7
  1661 | D:3      | Found a glowing silver altar of Zin.
  1662 | D:3      | Found a broken altar of Ashenzari.
  1695 | D:3      | Found a faded altar of an unknown god.
  2289 | D:4      | Gained mutation: Your magical flight helps you evade
                  | attacks. (EV +4) [Tengu growth]
  2289 | D:4      | Reached XP level 7. HP: 39/41 MP: 8/8
  2322 | D:4      | Identified the +0 leather armour of Amorous Surprise {rF+
                  | rCorr}
  2517 | D:4      | Found Xyleebre's Armour Emporium.
  2601 | D:5      | Entered Level 5 of the Dungeon
  2712 | D:5      | Found a sparkling altar of Nemelex Xobeh.
  2725 | D:5      | Reached skill level 10 in Axes
  2725 | D:5      | Reached XP level 8. HP: 35/46 MP: 9/9
  3346 | D:5      | Found an ornate altar of the Wu Jian Council.
  3478 | D:5      | Noticed Blork the orc
  3488 | D:5      | Killed Blork the orc
  3655 | D:6      | Identified the ring "Zujiss" {EV+5 Str+3}
  3772 | D:6      | Reached skill level 4 in Fighting
  3779 | D:6      | Noticed Menkaure
  3779 | D:6      | Noticed Grinder
  3783 | D:6      | Killed Menkaure
  3784 | D:6      | Reached skill level 5 in Dodging
  3787 | D:6      | Killed Grinder
  3788 | D:6      | Reached skill level 5 in Fighting
  3788 | D:6      | Reached XP level 9. HP: 54/54 MP: 10/10
  3799 | D:6      | Found a staircase to the Ecumenical Temple.
  3808 | D:6      | Reached skill level 6 in Fighting
  4049 | Temple   | Entered the Ecumenical Temple
  4071 | Temple   | Became a worshipper of Hepliaklqana the Forgotten
  4071 | Temple   | Reached * piety under Hepliaklqana
  4071 | Temple   | Reached ** piety under Hepliaklqana
  4094 | D:6      | Remembered your ancestor Fikile as a knight
  4133 | D:6      | Noticed Eustachio
  4144 | D:6      | Killed Eustachio
  4429 | D:7      | Reached skill level 7 in Fighting
  4494 | D:7      | Found a sand-covered staircase.
  4510 | Ossuary  | Entered an ossuary
  4613 | Ossuary  | Reached skill level 8 in Fighting
  4694 | D:7      | Noticed a hornet
  4709 | D:7      | Killed a hornet
  4997 | D:7      | Reached XP level 10. HP: 58/58 MP: 11/11
  5199 | D:8      | Reached skill level 9 in Fighting
  5630 | D:8      | Reached skill level 10 in Fighting
  5802 | D:8      | Reached *** piety under Hepliaklqana
  6238 | D:9      | Reached skill level 11 in Fighting
  6752 | D:9      | Found a blossoming altar of Fedhas.
  6779 | D:9      | Found a radiant altar of Vehumet.
  6785 | D:9      | Found a shadowy altar of Dithmenos.
  6790 | D:9      | Found an opulent altar of Gozag.
  6879 | D:10     | Entered Level 10 of the Dungeon
  6981 | D:10     | Found a sacrificial altar of Ru.
  7011 | D:10     | Noticed a kobold demonologist
  7018 | D:10     | Noticed a soul eater
  7019 | D:10     | Killed a kobold demonologist
  7220 | D:10     | Reached XP level 11. HP: 66/66 MP: 12/12
  7239 | D:10     | Found Dyahiros's Tremendous Tomes.
  7340 | D:10     | Reached **** piety under Hepliaklqana
  7463 | D:10     | Noticed a five-headed hydra
  7613 | D:11     | Noticed a boulder beetle
  7613 | D:11     | Found a staircase to the Orcish Mines.
  7624 | D:11     | Killed a boulder beetle
  7686 | D:11     | Found Hoxazuca's Magic Scroll Shoppe.
  7746 | D:11     | Found Firerol's Jewellery Boutique.
  7810 | D:11     | Noticed a white ugly thing
  7810 | D:11     | Noticed a green ugly thing
  7859 | D:11     | Found Naefo's Antique Weapon Emporium.
  8383 | D:10     | Killed a seven-headed hydra
  8384 | D:10     | Reached skill level 12 in Fighting
  8824 | D:10     | Found a staircase to the Lair.
  8832 | Lair:1   | Entered Level 1 of the Lair of Beasts
  8902 | Lair:1   | Noticed Erica
  8911 | Lair:1   | Killed Erica
  8979 | Lair:1   | Reached skill level 13 in Fighting
  8984 | Lair:1   | Reached XP level 12. HP: 35/75 MP: 13/13
  9054 | Lair:1   | Found a snail-covered altar of Cheibriados.
  9151 | Lair:1   | Found a gate leading to a gauntlet.
  9163 | Gauntlet | Entered a Gauntlet
  9163 | Gauntlet | Found a transporter.
  9173 | Gauntlet | Found a transporter.
  9176 | Gauntlet | Found a transporter.
  9177 | Gauntlet | Found a transporter.
  9183 | Gauntlet | Found a runed translucent gate.
  9183 | Gauntlet | Found a runed translucent gate.
  9183 | Gauntlet | Found a runed translucent gate.
  9185 | Gauntlet | Found a transporter.
  9188 | Gauntlet | Found a transporter.
  9189 | Gauntlet | Found a transporter.
  9193 | Gauntlet | Found a runed translucent door.
  9195 | Gauntlet | Found a runed translucent door.
  9197 | Gauntlet | Found a transporter.
  9200 | Gauntlet | Found a transporter.
  9201 | Gauntlet | Found a transporter.
  9210 | Gauntlet | Found a transporter.
  9212 | Gauntlet | Found a transporter.
  9217 | Gauntlet | Found a transporter.
  9223 | Gauntlet | Noticed a quicksilver ooze
  9233 | Gauntlet | Found a transporter.
  9424 | Gauntlet | Reached skill level 14 in Fighting
  9424 | Gauntlet | Reached skill level 10 in Dodging
  9602 | Gauntlet | HP: 4/114 [death drake/foul vapour (19)]
  9603 | Gauntlet | Succumbed to a death drake's dark miasma

Illustrated notes

Levels and vault maps discovered:
D:1:      dpeg_arrival_signposts, layout_basic, nrook_loot_triangle
D:2:      layout_rooms, chequers_mini_garden, uniq_jessica, uniq_sigmund
D:3:      layout_basic, mainiacjoe_overflow_divided_tiny,
          ebering_ecumenical_altar_hall, chequers_serial_rivers_micro_b
D:4:      layout_rooms, serial_shops, shop, minmay_fractal_squares_5
D:5:      layout_basic, hangedman_feature_mirror, uniq_blork_the_orc
D:6:      layout_rooms, minmay_temple_entry_proselytizer, uniq_eustachio,
          uniq_menkaure, uniq_grinder
D:7:      layout_loops_cross, chequers_ossuary_entry_cave
D:8:      layout_loops_corners
D:9:      layout_roguey, minmay_overflow_temple_star_quad, fedhas_altar_1,
          nicolae_benzene_ring
D:10:     layout_loops_ring, nicolae_ru_great_annihilating_truth,
          erik_lair_dragon, nicolae_shop_i_like_big_books
D:11:     minmay_the_grid_triangle_9x9_rhombus_full_mashed
          [minmay_the_grid_triangle_9x9_skeleton,
          minmay_the_grid_triangle_9x9_warning,
          minmay_the_grid_triangle_9x9_windchime,
          minmay_the_grid_triangle_9x9_longest,
          minmay_the_grid_triangle_9x9_zippers_vertical,
          minmay_the_grid_triangle_9x9_shrine,
          minmay_the_grid_triangle_9x9_alien,
          minmay_the_grid_triangle_9x9_prize_insulated], layout_rooms,
          serial_shops, nicolae_shop_advertising_works
          [nicolae_subvault_shop_adworks], shop_fountains, shop, shop,
          nicolae_shop_rolled_up, wad_scary_box
Temple:   bh_familiar_temple
Lair:1:   layout_hall_layers, gauntlet_entry_generic, basic_altar,
          beast_lair_carwin_9, lemuel_fruit_tree, infiniplex_staircase_pool_2,
          uniq_erica
Gauntlet: gammafunk_gauntlet_77_escape_option
          [minmay_gauntlet_arena_77_terracotta_army,
          minmay_gauntlet_arena_77_run_for_it, minmay_gauntlet_arena_77_cramped,
          minmay_gauntlet_arena_77_mess, minmay_gauntlet_arena_77_two_lines,
          dreamdust_gauntlet_exit_labyrinth]

Skill      XL: |  1  2  3  4  5  6  7  8  9 10 11 12 |
---------------+-------------------------------------+-----
Dodging        | 4 5 7 9 10 | 10.0
Axes           | 6 8 10 11 13 | 13.0
Fighting       | 5 8 11 13 14 | 14.2

Action                     |  1- 3 |  4- 6 |  7- 9 | 10-12 || total
---------------------------+-------+-------+-------+-------++-------
  Melee: Hand axe          |    69 |     4 |       |       ||    73
         Kick              |    19 |    15 |    88 |    99 ||   221
         Peck              |    10 |    10 |    41 |    58 ||   119
         Broad axe         |       |    86 |   261 |    55 ||   402
         Punch             |       |       |     1 |     1 ||     2
         Battleaxe         |       |       |       |   224 ||   224
         Great mace        |       |       |       |     2 ||     2
 Invoke: Ancestor Life: Kn |       |       |     1 |       ||     1
         Recall Ancestor   |       |       |       |     6 ||     6
    Use: Potion            |     1 |       |     1 |     5 ||     7
         Scroll            |       |     3 |       |    12 ||    15
   Stab: Sleeping          |     3 |     1 |       |     1 ||     5
 Armour: Robe              |    20 |       |       |       ||    20
         Leather armour    |       |    49 |    99 |   121 ||   269
  Dodge: Dodged            |    71 |    57 |   296 |   401 ||   825

Table legend: (Time is in decaauts)
 A = Elapsed time spent in this place.
 B = Non-inter-level travel time spent in this place.
 C = Inter-level travel time spent in this place.
 D = Time resting spent in this place.
 E = Time spent auto-exploring this place.
 F = Levels seen in this place.
 G = Mean time per level.
                   A        B        C        D        E       F      G
               +--------+--------+--------+--------+--------+-----+--------+
         Total |   9713 |   9440 |    273 |   1377 |   5460 |  15 |  647.5 |
       Dungeon |   8725 |   8493 |    232 |   1183 |   5439 |  11 |  793.2 |
        Temple |     43 |      2 |     41 |      0 |      0 |   1 |   43.0 |
          Lair |    357 |    357 |      0 |     34 |      0 |   1 |  357.0 |
       Ossuary |    136 |    136 |      0 |      0 |     21 |   1 |  136.0 |
      Gauntlet |    451 |    451 |      0 |    160 |      0 |   1 |  451.0 |
               +--------+--------+--------+--------+--------+-----+--------+

Top non-repeatable levels by time:
    D:10: 1352 daAuts
     D:9: 1070 daAuts
     D:8: 936 daAuts
     D:5: 887 daAuts
     D:6: 786 daAuts
     D:4: 712 daAuts
     D:1: 698 daAuts
     D:7: 697 daAuts
     D:2: 667 daAuts
     D:3: 652 daAuts
Gauntlet: 451 daAuts
  Lair:1: 357 daAuts
    D:11: 264 daAuts
 Ossuary: 136 daAuts
  Temple: 43 daAuts
